 Dungeon Crawl Stone Soup version 0.29-a0-1006-g0dd7720 (webtiles) character file.

Game seed: 11815775369274896606

362 malesh the Shield-Bearer (level 6, -3/33 HPs)
             Began as a Vine Stalker Fighter on Aug 6, 2022.
             Splashed by a jelly's acid (7 damage)
             ... on level 3 of the Dungeon.
             The game lasted 00:05:20 (2545 turns).

malesh the Shield-Bearer (Vine Stalker Fighter)     Turns: 2545, Time: 00:05:20

Health: -3/33      AC: -5    Str: 21    XL:     6   Next: 66%
Magic:  0/7        EV:  9    Int:  8    God:
Gold:   246        SH:  5    Dex: 13    Spells: 5/5 levels left

rFire   . . .      SeeInvis .   a - +0 long sword
rCold   . . .      Faith    .   c - +0 buckler
rNeg    . . .      Spirit   +   b - +0 scale mail
rPois   .          Reflect  .   (no helmet)
rElec   .          Harm     .   (no cloak)
rCorr   .          Rampage  .   (no gloves)
Will    .....                   (no boots)
Stlth   ..........              (no amulet)
HPRegen 0.91/turn               (no ring)
MPRegen 0.10/turn               (no ring)

@: corroded
A: fangs 2, regeneration 1, magic shield, antimagic bite, no potion heal 2
a: no special abilities


You were on level 3 of the Dungeon.
You visited 1 branch of the dungeon, and saw 4 of its levels.

You collected 246 gold pieces.

Inventory:

Hand Weapons
 a - a +0 long sword (weapon)
Armour
 b - a +0 scale mail (worn)
 c - a +0 buckler (worn)
Jewellery
 e - a ring of fire
Wands
 n - a wand of roots (8)
Scrolls
 d - 3 scrolls of noise {unknown}
 h - 2 scrolls of identify {unknown}
 j - a scroll of vulnerability {unknown}
 m - 3 scrolls of poison {unknown}
 o - a scroll of magic mapping {unknown}
 p - a scroll of fear {unknown}
Potions
 f - 5 potions of heal wounds {unknown}
 g - a potion of degeneration {unknown}
 i - 2 potions of lignification {unknown}
 k - a potion of brilliance {unknown}
 l - a potion of invisibility {unknown}


   Skills:
 + Level 4.0 Fighting
 + Level 3.3 Long Blades
 + Level 3.6 Armour
 + Level 4.0 Shields


You had 5 spell levels left.
You didn't know any spells.
Your spell library contained the following spells:

 Spells                   Type           Power      Damage    Failure   Level
 Ignite Poison            Fire/Tmut/Pois 0%         N/A       99%         3
 Mephitic Cloud           Conj/Pois/Air  0%         N/A       99%         3
 Freezing Cloud           Conj/Ice/Air   0%         6-21      100%        5


Dungeon Overview and Level Annotations

Branches:
Dungeon (4/15)
 Temple: D:4-7

Altars:
Kikubaaqudgha

Shops:
D:2 (


Innate Abilities, Weirdness & Mutations

You have extremely sharp teeth.
Your natural rate of healing is unusually fast.
When hurt, damage is shared between your health and your magic reserves.
Your bite disrupts and absorbs the magic of your enemies.
Potions cannot restore your health.


Message History

There is a stone staircase leading down here.
You climb downwards.
The jelly quivers.
The orc shouts!
The orc wizard shouts!
You hear a shout! x2
An orc comes into view. It is wielding a +0 whip.
Found a green potion.
There is a stone staircase leading up here.
You hit the jelly.
Your hands burn!
You bite the jelly. You drain its power.
You feel invigorated.
The jelly is heavily wounded.
An orc comes into view.
It is wielding a +0 club and quivering boomerangs of dispersal.
The jelly closely misses you.
You hit the jelly but do no damage.
Your hands burn!
The jelly is heavily wounded.
The jelly closely misses you. The jelly hits you. The acid corrodes you!
You are splashed with acid!
An orc comes into view. It is wielding a +0 short sword.
The orc shouts!
The jelly barely misses you.
You climb upwards.
There is a stone staircase leading down here.
You are too injured to fight recklessly!
You slash the jelly!
Your hands burn!
You bite the jelly, but do no damage.
The jelly is severely wounded.
The jelly barely misses you.
You hit the jelly. The acid corrodes you!
Your hands burn!
The jelly is almost dead.
The jelly hits you.
You are splashed with acid.
You completely miss the jelly. You bite the jelly, but do no damage.
The jelly is almost dead.
The jelly hits you.
You are splashed with acid.
You hit the jelly but do no damage.
Your hands burn!
You bite the jelly. You drain its power.
You feel invigorated.
The jelly is almost dead.
The jelly hits you.
You are splashed with acid!
* * * LOW HITPOINT WARNING * * *
The jelly hits you.
* * * LOW HITPOINT WARNING * * *
The acid corrodes you!
You are splashed with acid!
You die...

.................#.#
##################.#####
...........# ##...#...##
...........####.........##
.........................#
#..........###...........#
...........##............#
..............#.J.......##
.............###@..#...##
.............###########
#.##...#.##.....#
#.###....###..#.#
....#.#....####.###
#...........#§...○#
##)...<...<.#.....###
....).........._.)..#
###.###.#.#.#.....#.#


You could see a jelly.

Vanquished Creatures
  Sigmund (D:2)
  An ogre (D:3)
  5 adders
  2 dart slugs
  8 orcs
  7 ball pythons
  4 bats (D:1)
  6 endoplasms
  4 giant cockroaches
  6 hobgoblins
  6 quokkas
  4 frilled lizards
  5 goblins
  7 kobolds
  2 rats (D:2)
68 creatures vanquished.

Vanquished Creatures (others)
  A fungus (D:1)
1 creature vanquished.

Grand Total: 69 creatures vanquished

Notes
Turn   | Place    | Note
-------+----------+-------------------------------------------
     0 | D:1      | malesh the Vine Stalker Fighter began the quest for the
                  | Orb.
     0 | D:1      | Reached XP level 1. HP: 11/11 MP: 2/2
   301 | D:1      | Reached XP level 2. HP: 16/16 MP: 3/3
   586 | D:1      | Reached XP level 3. HP: 18/20 MP: 2/4
   855 | D:1      | Found a faded altar of an unknown god.
   920 | D:2      | Noticed Sigmund
  1213 | D:2      | Killed Sigmund
  1214 | D:2      | Gained mutation: Your natural rate of healing is unusually
                  | fast. [Vine Stalker growth]
  1214 | D:2      | Reached XP level 4. HP: 11/25 MP: 5/5
  1214 | D:2      | Reached XP level 5. HP: 12/28 MP: 6/6
  1392 | D:2      | Found Pisum's Antique Weapon Boutique.
  1725 | D:2      | Reached XP level 6. HP: 33/33 MP: 7/7
  2034 | D:3      | Found an ancient bone altar of Kikubaaqudgha.
  2545 | D:3      | Splashed by a jelly's acid

Illustrated notes

Levels and vault maps discovered:
D:1:      minmay_arrival_checkered_box, layout_rooms,
          shapermc_ecumenical_altar_acropolis
D:2:      layout_loops_ring, serial_shops, nicolae_shop_waterfront, uniq_sigmund
D:3:      minmay_door_path, layout_rooms, nicolae_kikubaaqudgha_miasma_corner,
          skrybe_limestone_x
D:4:      layout_rooms

Skill      XL: |  1  2  3  4  5  6 |
---------------+-------------------+-----
Long Blades    | 2 3 |  3.3
Fighting       | 3 4 |  4.0
Shields        | 3 4 |  4.0
Armour         | 3 |  3.6

Action                   |  1- 3 |  4- 6 || total
-------------------------+-------+-------++-------
Melee: Long sword        |    68 |   104 ||   172
       Bite              |    15 |    26 ||    41
  Use: Potion            |     1 |       ||     1
Armor: Scale mail        |    33 |    49 ||    82
Dodge: Dodged            |    27 |    45 ||    72
Block: Buckler           |    13 |    29 ||    42

Table legend: (Time is in decaauts)
 A = Elapsed time spent in this place.
 B = Non-inter-level travel time spent in this place.
 C = Inter-level travel time spent in this place.
 D = Time resting spent in this place.
 E = Time spent auto-exploring this place.
 F = Levels seen in this place.
 G = Mean time per level.
                   A        B        C        D        E       F      G
               +--------+--------+--------+--------+--------+-----+--------+
         Total |   2599 |   2401 |    198 |    249 |   1709 |   4 |  649.8 |
       Dungeon |   2599 |   2401 |    198 |    249 |   1709 |   4 |  649.8 |
               +--------+--------+--------+--------+--------+-----+--------+

Top non-repeatable levels by time:
     D:1: 1190 daAuts
     D:3: 734 daAuts
     D:2: 649 daAuts
     D:4: 24 daAuts
